 Dungeon Crawl Stone Soup version 0.17-a0-2074-gaf3f87d (webtiles) character file.

625 Ordine the Skirmisher (level 7, -2/46 HPs)
             Began as an Octopode Fighter on Oct 15, 2015.
             Was a Follower of Dithmenos.
             Slain by a gnoll
             ... wielding a +0 spear
              (9 damage)
             ... on level 4 of the Dungeon.
             The game lasted 00:14:32 (4669 turns).

Ordine the Skirmisher (Octopode Fighter)            Turns: 4669, Time: 00:14:33

Health: -2/46      AC:  2    Str: 15    XL:     7   Next: 47%
Magic:  7/7        EV: 13    Int: 10    God:    Dithmenos [*.....]
Gold:   209        SH: 10    Dex: 14    Spells: 0 memorised, 6 levels left

rFire  . . .     SeeInvis .     a - +1 long sword
rCold  + . .     Clarity  .     b - +1 shield
rNeg   . . .     SustAt   .     (helmet restricted)
rPois  .         Gourm    .     (no amulet)
rElec  .         Spirit   .     (no ring)
rCorr  .         Warding  .     (no ring)
rMut   .         Stasis   .     (no ring)
MR     .....                    (no ring)
Stlth  +++.......               (no ring)
                                (no ring)
                                (no ring)
                                (no ring)

@: wreathed by umbra, not resistant to hostile enchantments, fairly stealthy
A: almost no armour, amphibious, 8 rings, constrict 8, repulsion field 1, icy
blue scales 1, camouflage 1, cold resistance 1, frail 1, sense surroundings 1,
spit poison 1, gelatinous body 1, subdued magic 1
a: Spit Poison, Renounce Religion


You were on level 4 of the Dungeon.
You worshipped Dithmenos.
Dithmenos was aware of your devotion.
You were not hungry.

You visited 1 branch of the dungeon, and saw 4 of its levels.

You collected 209 gold pieces.

Inventory:

Hand Weapons
 a - a +1 long sword (weapon)
Missiles
 e - 56 stones (quivered)
 f - 3 poisoned tomahawks
 k - 6 tomahawks
 m - 15 poisoned needles
Armour
 b - a +1 shield (worn)
Wands
 s - a wand of teleportation (6)
Scrolls
 o - 4 scrolls of remove curse
 u - a scroll of amnesia
Potions
 c - a potion of might
 i - a potion of lignification
 n - 3 potions of haste
 q - a potion of brilliance {unknown}
 r - 2 potions of curing {unknown}
 t - a potion of heal wounds
Comestibles
 d - 2 bread rations
 g - 2 meat rations
 h - 2 fruits
 j - 7 chunks of flesh
 l - 3 slices of pizza
 p - a beef jerky


   Skills:
 + Level 6.1 Fighting
 + Level 6.0 Long Blades
 - Level 3.0 Dodging
 - Level 3.0 Shields


You had 6 spell levels left.
You didn't know any spells.

Dungeon Overview and Level Annotations

Branches:
Dungeon (4/15)
 Temple: D:4-7

Altars:
Dithmenos


Innate Abilities, Weirdness & Mutations

You cannot wear most types of armour.
You are amphibious.
You can wear up to eight rings at the same time.
You can use your tentacles to constrict eight enemies at once.
Your skin changes colour to match your surroundings (Stealth).
Your rubbery body absorbs attacks (AC +1).
You are surrounded by a mild repulsion field (EV +2).
You are partially covered in icy blue scales (AC +1).
Your flesh is cold resistant.
You are frail (-10% HP).
You passively map a small area around you.
You can spit weak poison.
Your spells are a little easier to cast, but a little less powerful.


Message History

You kill the gnoll!
Dithmenos accepts your kill. You block the gnoll's attack.
The gnoll misses you. The gnoll misses you. The gnoll hits you with a spear.
There is a stone staircase leading up, spattered with blood here.
Your shield prevents you from hitting the gnoll.
Your grab misses the gnoll. The gnoll hits you with a spear.
The gnoll barely misses you. The gnoll hits you but does no damage.
You block the gnoll's attack.
You slash the gnoll! You grab the gnoll.
The gnoll is heavily wounded.
You constrict the gnoll. The gnoll hits you with a whip.
You block the gnoll's attack. The gnoll hits you with a spear!
You slash the gnoll!
You kill the gnoll!
Dithmenos accepts your kill. The gnoll hits you with a spear!
* * * LOW HITPOINT WARNING * * *
The gnoll hits you with a spear!
You die...

.....## #'####..########
......# #.#...[.######
..#######......#.....##
......................##
.#######...............#
.# ##...............#
.######...)............#
###............))......#
<...####.......g@......#
#########......g.)....##
#.).)........#.....##
###.#####.#############
.......##.# #....#
.......#..########....#
........g.)...........#
.......#)########.....#
.......#...# #......#


You could see 2 gnolls.

Vanquished Creatures
  An ogre (D:4)
  Blork the orc (D:4)
  3 orc wizards
  An orc priest (D:3)
  Crazy Yiuf (D:4)
  Jessica (D:2)
  An iguana (D:4)
  6 adders
  11 gnolls
  An adder skeleton (D:4)
  3 worms
  7 giant geckos
  10 orcs
  9 giant cockroaches
  3 goblins
  6 hobgoblins
  21 jackals
  7 kobolds
  6 bats
  7 giant newts
  A quokka skeleton (D:4)
  7 rats
114 creatures vanquished.

Notes
Turn   | Place    | Note
--------------------------------------------------------------
     0 | D:1      | Ordine the Octopode Fighter began the quest for the Orb.
     0 | D:1      | Reached XP level 1. HP: 16/16 MP: 1/1
   396 | D:1      | Reached XP level 2. HP: 21/21 MP: 2/2
   841 | D:1      | Reached XP level 3. HP: 19/26 MP: 3/3
  1608 | D:2      | Noticed Jessica
  1611 | D:2      | Killed Jessica
  1611 | D:2      | Reached skill level 4 in Fighting
  1611 | D:2      | Reached XP level 4. HP: 31/33 MP: 4/4
  1995 | D:3      | Found a shadowy altar of Dithmenos.
  2004 | D:3      | Became a worshipper of Dithmenos the Shadowed
  2110 | D:3      | Reached XP level 5. HP: 31/37 MP: 5/5
  2759 | D:3      | Reached XP level 6. HP: 11/45 MP: 6/6
  3116 | D:4      | Noticed Blork the orc
  3202 | D:4      | Reached skill level 5 in Fighting
  3231 | D:4      | Reached * piety under Dithmenos
  3364 | D:4      | Noticed Crazy Yiuf
  3370 | D:4      | Killed Crazy Yiuf
  3403 | D:4      | Reached skill level 5 in Long Blades
  3712 | D:4      | Killed Blork the orc
  3712 | D:4      | Reached XP level 7. HP: 29/51 MP: 7/7
  3914 | D:4      | Gained mutation: You are partially covered in icy blue scales (AC +1). [potion of mutation]
  3914 | D:4      | Gained mutation: Scrolls take you a little longer to read. [potion of mutation]
  3914 | D:4      | Lost mutation: Scrolls take you a little longer to read. [potion of mutation]
  3915 | D:4      | Gained mutation: You passively map a small area around you. [potion of mutation]
  3915 | D:4      | Gained mutation: You are frail (-10% HP). [potion of mutation]
  3915 | D:4      | Gained mutation: Your flesh is cold resistant. [potion of mutation]
  3916 | D:4      | Gained mutation: You can spit weak poison. [potion of mutation]
  3916 | D:4      | Gained mutation: You are surrounded by a mild repulsion field (EV +2). [potion of mutation]
  3916 | D:4      | Gained mutation: Your spells are a little easier to cast, but a little less powerful. [potion of mutation]
  4556 | D:4      | Reached skill level 6 in Fighting
  4669 | D:4      | Slain by a gnoll

Vault maps used:
D:1:      evilmike_arrival_hilbert_curve, minivault_23
D:2:      hangedman_decor_diamond_cutter, minmay_lizard_king, uniq_jessica
D:3:      lemuel_crystal_altar, first_bread
D:4:      lemuel_castle_with_subvaults, kennysheep_generic_room_10,
          uniq_blork_the_orc, uniq_crazy_yiuf_cottage

Action                   |  1- 3 |  4- 6 |  7- 9 || total
-------------------------+-------+-------+-------++-------
Melee: Long sword        |    63 |   109 |    58 ||   230
Throw: Stone             |       |     2 |     4 ||     6
       Tomahawk          |       |     9 |       ||     9
Evoke: Wand              |       |     1 |       ||     1
  Use: Scroll            |     6 |     9 |     1 ||    16
       Potion            |       |     2 |     3 ||     5
 Stab: Sleeping          |     8 |     4 |     1 ||    13
  Eat: Chunk             |     2 |     7 |     3 ||    12
